 Dungeon Crawl Stone Soup version 0.22.0-16-gc6d26f69f9 (webtiles) character file.

55 TobiboT the Covered (level 4, -3/35 HPs)
             Began as a Human Fighter on Aug 18, 2018.
             Was an Initiate of Kikubaaqudgha.
             Killed from afar by Natasha (5 damage)
             ... with a magic dart
             ... on level 2 of the Dungeon.
             The game lasted 00:17:59 (595 turns).

TobiboT the Covered (Human Fighter)                  Turns: 595, Time: 00:17:59

Health: -3/35      AC:  6    Str: 17    XL:     4   Next: 14%
Magic:  4/4        EV:  7    Int: 12    God:    Kikubaaqudgha [......]
Gold:   12         SH:  9    Dex: 12    Spells: 3/3 levels left

rFire    . . .     SeeInvis .   a - +0 flail
rCold    . . .     Gourm    .   c - +0 shield
rNeg     . . .     Faith    .   b - +0 scale mail
rPois    .         Spirit   .   (no helmet)
rElec    .         Reflect  .   h - scarf {repulsion}
rCorr    .         Harm     .   (no gloves)
MR       .....                  (no boots)
Stlth    ..........             (no amulet)
HPRegen  0.11/turn              q - +3 ring of intelligence
MPRegen  0.09/turn              (no ring)

@: slowed, repel missiles, very slow
A: no striking features
a: Renounce Religion


You were on level 2 of the Dungeon.
You worshipped Kikubaaqudgha.
Kikubaaqudgha was noncommittal.
You were full.

You visited 1 branch of the dungeon, and saw 2 of its levels.

You collected 12 gold pieces.

Inventory:

Hand Weapons
 a - a +0 flail (weapon)
 m - a +0 club
 o - a +0 club
Missiles
 i - 14 poisoned needles
 n - 22 stones (quivered)
Armour
 b - a +0 scale mail (worn)
 c - a +0 shield (worn)
 g - a +0 scale mail
 h - a scarf of repulsion (worn)
 p - a +0 leather armour
 r - a +0 leather armour
 s - a +0 leather armour
Jewellery
 q - a +3 ring of intelligence (left hand)
Scrolls
 j - a scroll of remove curse {unknown}
 k - a scroll of teleportation {unknown}
 l - a scroll of fear {unknown}
Potions
 d - a potion of might
 e - a potion of mutation {unknown}
Comestibles
 f - 2 rations


   Skills:
 + Level 3.2 Fighting
 + Level 2.4 Maces & Flails
 + Level 3.6 Armour
 + Level 0.9 Dodging
 + Level 3.4 Shields


You had 3 spell levels left.
You didn't know any spells.
Your spell library was empty.

Dungeon Overview and Level Annotations

Branches:
Dungeon (2/15)

Altars:
Fedhas
Kikubaaqudgha

Annotations:
D:2 Natasha


Message History

Natasha's front paws start to glow.
Natasha stares at you and mumbles some strange words.
You feel yourself slow down.
You closely miss Natasha. Natasha claws you! x2
* * * LOW HITPOINT WARNING * * *
You block Natasha's attack. Natasha claws you but does no damage.
You eat one of the 3 rations.
That ration really hit the spot!
Natasha barely misses you.
Natasha howls an incantation.
You feel troubled. You block Natasha's attack. Natasha barely misses you.
Natasha claws you.
* * * LOW HITPOINT WARNING * * *
You block Natasha's attack. Natasha casts a spell at you.
The magic dart hits you!
You die...
Kikubaaqudgha rasps: "You have failed me!
Welcome... death!"

#.....# ##...##
##..#.. #..#.# #..#.#
#..#.# ##h...# #...#.#
#@#...# #.##..#
#.##..#
.#####.##..###########
........†..#.........#
.########........###.#
####.###.# #.# #.#
#.###.## #.# #.......


You could see Natasha.

Vanquished Creatures
  3 adders (D:2)
  A dart slug (D:1)
  A leopard gecko (D:1)
  4 bats
  A giant cockroach (D:1)
  3 hobgoblins
  5 jackals
  2 kobolds
  A ball python (D:2)
  A frilled lizard (D:1)
  3 rats (D:1)
25 creatures vanquished.

Notes
Turn   | Place    | Note
-------+----------+-------------------------------------------
     0 | D:1      | TobiboT the Human Fighter began the quest for the Orb.
     0 | D:1      | Reached XP level 1. HP: 18/18 MP: 1/1
   242 | D:1      | Reached XP level 2. HP: 17/24 MP: 2/2
   365 | D:2      | Reached XP level 3. HP: 8/29 MP: 3/3
   508 | D:2      | Found a blossoming altar of Fedhas.
   508 | D:2      | Found an ancient bone altar of Kikubaaqudgha.
   524 | D:2      | Became a worshipper of Kikubaaqudgha
   570 | D:2      | Reached XP level 4. HP: 18/35 MP: 4/4
   583 | D:2      | Noticed Natasha
   593 | D:2      | HP: 1/35 [Natasha (6)]
   595 | D:2      | Killed from afar by Natasha

Action                   |  1- 3 |  4- 6 || total
-------------------------+-------+-------++-------
Melee: Flail             |   129 |     1 ||   130
  Use: Scroll            |     1 |       ||     1
  Eat: Ration            |       |     1 ||     1
Armor: Scale mail        |    48 |     1 ||    49
Dodge: Dodged            |    41 |     2 ||    43
       Deflected         |     3 |       ||     3
Block: Shield            |    70 |     3 ||    73
